 Dungeon Crawl Stone Soup version 0.26.0-10-g1f06aea511 (webtiles) character file.

Game seed: 10956288761756177868

1482 Borgoz the Slasher (level 8, -5/68 HPs)
             Began as a Ghoul Gladiator on Jan 18, 2021.
             Slain by an unseen horror (6 damage)
             ... on level 8 of the Dungeon.
             The game lasted 00:09:45 (7839 turns).

Borgoz the Slasher (Ghoul Gladiator)                Turns: 7839, Time: 00:09:45

Health: -5/68      AC: 15    Str: 18    XL:     8   Next: 79%
Magic:  7/7        EV: 10    Int:  3    God:
Gold:   174        SH:  3    Dex: 12    Spells: 7/7 levels left

rFire    . . .     SeeInvis .   r - +0 scimitar
rCold    + + .     Faith    .   y - +0 buckler
rNeg     + + +     Spirit   .   b - +0 plate armour
rPois    ∞         Reflect  .   c - +1 helmet
rElec    .         Harm     .   v - +0 cloak
rCorr    .         Rampage  .   (no gloves)
Will     .....                  (no boots)
Stlth    ..........             (no amulet)
HPRegen  0.00/turn              e - ring of protection from cold
MPRegen  0.10/turn              f - +4 ring of evasion

@: mighty, hasted, very quick
A: claws 1, cold resistance 1, negative energy resistance 3, inhibited
regeneration, torment resistance, unbreathing
a: no special abilities


You were on level 8 of the Dungeon.
You visited 2 branches of the dungeon, and saw 9 of its levels.

You collected 498 gold pieces.
You spent 324 gold pieces at shops.

Inventory:

Hand Weapons
 r - a +0 scimitar (weapon)
Missiles
 d - 3 throwing nets (quivered)
Armour
 b - a +0 plate armour (worn)
 c - a +1 helmet (worn)
 l - a +0 pair of boots
 v - a +0 cloak (worn)
 y - a +0 buckler (worn)
Jewellery
 e - a ring of protection from cold (left claw)
 f - a +4 ring of evasion (right claw)
 j - an uncursed ring of flight
Wands
 g - a wand of digging (2)
 h - a wand of iceblast (21)
 o - a wand of paralysis (9)
 q - a wand of flame (6)
Scrolls
 a - a scroll of remove curse
 i - 3 scrolls of enchant armour
 k - 2 scrolls of teleportation
 m - a scroll of fog
 x - a scroll of enchant weapon
Potions
 n - 3 potions of resistance
 w - 2 potions of cancellation
 z - 2 potions of brilliance


   Skills:
 + Level 5.1 Fighting
 * Level 6.2 Long Blades
 - Level 1.7 Throwing
 * Level 5.4 Armour
 + Level 4.8 Dodging


You had 7 spell levels left.
You didn't know any spells.
Your spell library contained the following spells:

 Spells                   Type           Power        Failure   Level
 Apportation              Tloc           0%           100%        1
 Lesser Beckoning         Tloc           0%           100%        3
 Summon Forest            Summ/Tloc      0%           100%        5


Dungeon Overview and Level Annotations

Branches:
Dungeon (8/15)             Temple (1/1) D:4
   Lair: D:8-11

Altars:
Ashenzari
Cheibriados
Elyvilon
Fedhas
Hepliaklqana
Kikubaaqudgha
Makhleb
Nemelex Xobeh
Ru
Sif Muna
Trog
Uskayaw
Vehumet
Wu Jian
Xom
Yredelemnul
Zin
The Shining One

Shops:
D:4 *   D:5 [   D:6 :**[?


Innate Abilities, Weirdness & Mutations

You thrive by killing the living.
You are immune to poison.
You have sharp fingernails.
Your flesh is cold resistant. (rC+)
You are immune to negative energy. (rN+++)
You do not regenerate when monsters are visible.
You are immune to unholy pain and torment.
You can survive without breathing.


Message History

You barely miss something.
Something hits you but does no damage. x2
You miss something. Something hits you.
* * * LOW HITPOINT WARNING * * *
Something hits you but does no damage.
You miss something. Something hits you but does no damage.
You feel yourself speed up.
Something hits you but does no damage. x2
You barely miss something. Something hits you but does no damage.
You miss something. Something hits you but does no damage.
You miss something. Something hits you but does no damage.
You miss something. Something hits you.
* * * LOW HITPOINT WARNING * * *
Something hits you but does no damage.
You closely miss something. Something hits you.
* * * LOW HITPOINT WARNING * * *
You hit something. Something hits you but does no damage.
You barely miss something. Something hits you.
* * * LOW HITPOINT WARNING * * *
Your plate armour prevents you from hitting something.
Something hits you.
You die...

#..#### .. #... .# ..#
..##.##.# ##..#..).#
###........#
#.........(# S
#########Z.......##...
#.....@{SW..........#
##########....<..####
##.....## #.....#
#######


You could see a phantom, an adder and an adder zombie.

Vanquished Creatures
  Sigmund (D:4)
  Duvessa (D:5)
  An ice beast (D:7)
  2 centaurs
  A bullfrog (D:6)
  A gnoll sergeant (D:7)
  Dowan (D:5)
  A scorpion (D:4)
  2 jellies (D:6)
  2 orc priests
  2 hounds
  3 bullfrog skeletons
  Jessica (D:2)
  2 orc wizards (D:3)
  4 worker ants
  A hound zombie (D:5)
  6 gnolls
  A worker ant zombie (D:6)
  7 adders
  An ufetubus (D:8)
  An adder zombie (D:4)
  2 worms
  3 dart slugs
  4 leopard geckos
  20 orcs
  A ball python (D:1)
  3 bat skeletons (D:7)
  4 bat zombies (D:7)
  7 giant cockroaches
  13 goblins
  13 hobgoblins
  8 jackals
  12 kobolds
  4 quokkas
  5 bats
  6 frilled lizards
  A giant cockroach zombie (D:5)
  8 rats
156 creatures vanquished.

Vanquished Creatures (others)
  2 fungi (D:8)
2 creatures vanquished.

Grand Total: 158 creatures vanquished

Notes
Turn   | Place    | Note
-------+----------+-------------------------------------------
     0 | D:1      | Borgoz the Ghoul Gladiator began the quest for the Orb.
     0 | D:1      | Reached XP level 1. HP: 17/17 MP: 0/0
   105 | D:1      | Reached XP level 2. HP: 20/25 MP: 1/1
   436 | D:1      | Reached skill level 3 in Long Blades
   504 | D:1      | Reached skill level 1 in Armour
   570 | D:1      | Reached XP level 3. HP: 30/30 MP: 2/2
  1217 | D:2      | Reached XP level 4. HP: 9/37 MP: 3/3
  1740 | D:2      | Noticed Jessica
  1749 | D:2      | Killed Jessica
  1810 | D:2      | Reached XP level 5. HP: 43/44 MP: 4/4
  1909 | D:2      | Found a snail-covered altar of Cheibriados.
  2640 | D:3      | Reached skill level 4 in Long Blades
  2640 | D:3      | Reached XP level 6. HP: 4/51 MP: 5/5
  3636 | D:4      | Noticed Sigmund
  3674 | D:4      | Killed Sigmund
  3675 | D:4      | Reached XP level 7. HP: 35/58 MP: 6/6
  3912 | D:4      | Found Vomnug's General Store.
  3915 | D:4      | You fall into a shaft and drop 1 floor!
  3915 | D:5      | Entered Level 5 of the Dungeon
  4434 | D:5      | Found Laicutoa's Antique Armour Shoppe.
  4980 | D:5      | Noticed Dowan
  4980 | D:5      | Noticed Duvessa
  5004 | D:5      | Killed Duvessa
  5005 | D:5      | Reached skill level 5 in Long Blades
  5016 | D:5      | Killed Dowan
  5513 | D:6      | Reached XP level 8. HP: 67/67 MP: 7/7
  5553 | D:6      | Found Ydwajaipp's Assorted Antiques.
  5559 | D:6      | Bought an amethyst potion for 27 gold pieces
  5559 | D:6      | Bought a brown potion for 27 gold pieces
  5559 | D:6      | Bought a scroll of identify for 60 gold pieces
  5559 | D:6      | Bought a potion of might for 120 gold pieces
  5941 | D:4      | Found a staircase to the Ecumenical Temple.
  5950 | Temple   | Entered the Ecumenical Temple
  6425 | D:6      | Found Iruoj's Armour Boutique.
  6527 | D:6      | Found Xodu's General Store.
  6555 | D:6      | Bought a scroll of identify for 24 gold pieces
  6555 | D:6      | Bought a scroll of identify for 24 gold pieces
  6590 | D:6      | Found Yrcha's Magic Scroll Boutique.
  6607 | D:6      | Bought a scroll of teleportation for 42 gold pieces
  6879 | D:6      | Found Ciczir's Book Shoppe.
  7137 | D:7      | Found an ancient bone altar of Kikubaaqudgha.
  7150 | D:7      | Reached skill level 5 in Armour
  7258 | D:7      | Reached skill level 5 in Fighting
  7258 | D:7      | Reached skill level 6 in Long Blades
  7326 | D:7      | Identified the Volume of Translocation
  7471 | D:7      | Found an ornate altar of the Wu Jian Council.
  7542 | D:7      | Found a blossoming altar of Fedhas.
  7838 | D:8      | HP: 1/68 [something (6)]
  7839 | D:8      | Slain by an unseen horror

Illustrated notes

Levels and vault maps discovered:
D:1:      mushboom_english_gardens, layout_loops_ring
D:2:      layout_basic, cheibriados_altar_1, uniq_jessica
D:3:      layout_loops_cross, guppyfry_early_orc_mine
D:4:      layout_rooms, minmay_temple_entry_poolview, serial_shops,
          nicolae_shop_crystal, uniq_sigmund
D:5:      layout_basic, serial_shops, nicolae_shop_overgrown_old_shop,
          uniq_duvessa
D:6:      layout_gridville, serial_shops, kennysheep_little_box, shop, shop,
          shop, shop_coins
D:7:      lemuel_ice_spiral_2, layout_rooms, kennysheep_vampire_church,
          basic_altar, fedhas_altar_fruit_tree
D:8:      layout_rooms, okawaru_humans, nicolae_qazlal_general_emergency,
          lemuel_coloured_pillars_altar, david_lair_generic, serial_shops, shop,
          uniq_maurice
Temple:   eino_temple_scatter_basement

Skill      XL: |  1  2  3  4  5  6  7  8 |
---------------+-------------------------+-----
Long Blades    | 3 4 5 6 |  6.2
Armour         | 1 2 3 4 5 |  5.4
Dodging        | 3 4 |  4.8
Fighting       | 3 4 5 |  5.1
Throwing       | |  1.7

Action                   |  1- 3 |  4- 6 |  7- 9 || total
-------------------------+-------+-------+-------++-------
Melee: Long sword        |    78 |   253 |   101 ||   432
       Scimitar          |       |       |   154 ||   154
Throw: Throwing net      |       |     2 |     2 ||     4
Evoke: Wand              |       |       |     1 ||     1
  Use: Scroll            |     4 |     4 |     9 ||    17
       Potion            |     2 |     2 |     4 ||     8
 Stab: Sleeping          |     1 |       |       ||     1
       Held in net/web   |       |     1 |       ||     1
Armor: Leather armour    |    27 |     3 |       ||    30
       Plate armour      |       |   173 |   236 ||   409
Dodge: Dodged            |    55 |    73 |    85 ||   213
Block: Kite shield       |       |    50 |    97 ||   147
       Buckler           |       |       |     4 ||     4
       Rpst.: Long sword |    20 |    23 |     6 ||    49
       Scimitar          |       |       |    23 ||    23
